 Dungeon Crawl Stone Soup version 0.19-a0-291-ga637243 (webtiles) character file.

122922 namelastname112 the Dancer (level 17, -4/115 HPs)
             Began as a Halfling Assassin on May 27, 2016.
             Was a Believer of Ukayaw.
             Killed from afar by a deep elf knight (35 damage)
             ... with a stone arrow
             ... on level 1 of the Elven Halls.
             The game lasted 01:06:11 (36707 turns).

namelastname112 the Dancer (Halfling Assassin)     Turns: 36707, Time: 01:06:12

Health: -4/115     AC: 23    Str: 15    XL:     17   Next: 43%
Magic:  27/27      EV: 23    Int: 10    God:    Ukayaw [**....]
Gold:   1833       SH: 11    Dex: 21    Spells: 4 memorised, 6 levels left

rFire  . . .     SeeInvis +     M - +0 rapier (elec)
rCold  + . .     Gourm    .     F - +9 ring mail "Tank" {Str+4 Dex-2}
rNeg   . . .     Faith    +     Z - +3 buckler of Itaiteta {rElec}
rPois  +         Spirit   .     p - +2 hat {SInv}
rElec  +         Dismiss  .     s - +2 cloak
rCorr  .         Reflect  .     L - +0 pair of gloves {archery}
SustAt .         Harm     .     (no boots)
MR     ++...                    X - amulet of faith
Stlth  ++++++....               C - ring "Gegoimex" {+Inv rC+ MR+ SInv}
                                v - ring of poison resistance

@: studying Slings, very resistant to hostile enchantments, very stealthy
A: mutation resistance 1
a: Stomp, Line Pass, Renounce Religion, Evoke Invisibility


You were on level 1 of the Elven Halls.
You worshipped Ukayaw.
Ukayaw was pleased with you.
You were not hungry.

You visited 5 branches of the dungeon, and saw 27 of its levels.
You also visited: Labyrinth.

You collected 2910 gold pieces.
You spent 1077 gold pieces at shops.

Inventory:

Hand Weapons
 b - a +0 blowgun
 M - a +0 rapier of electrocution (weapon)
Missiles
 e - 55 poisoned needles
 K - 5 curare-tipped needles
 S - 2 needles of confusion
Armour
 p - a +2 hat of see invisible (worn)
 s - a +2 cloak (worn)
 F - the +9 ring mail "Tank" (worn) {Str+4 Dex-2}
   (You bought it in a shop on level 5 of the Dungeon)

   It affects your strength (+4).
   It affects your dexterity (-2).
 L - a +0 pair of gloves of archery (worn)
 Z - the +3 buckler of Itaiteta (worn) {rElec}
   (You found it in a labyrinth)

   It insulates you from electricity.
Rods
 H - a +3 rod of ignition (10/10)
   (You found it on level 8 of the Lair of Beasts)
Jewellery
 h - an uncursed ring of protection from magic
 v - a ring of poison resistance (left hand)
 w - an uncursed ring of protection from cold
 C - the ring "Gegoimex" (right hand) {+Inv rC+ MR+ SInv}
   (You found it on level 6 of the Dungeon)

   [ring of protection from magic]

   It protects you from cold.
   It affects your resistance to hostile enchantments.
   It lets you see invisible.
   It lets you turn invisible.
 X - an amulet of faith (around neck)
Wands
 f - a wand of digging (10/24)
 i - a wand of iceblast (7/15)
 q - a wand of hasting (9/9)
 A - a wand of teleportation (3/9)
 E - a wand of iceblast (9/15)
 R - a wand of confusion (10/48)
Scrolls
 c - 3 scrolls of enchant weapon
 d - a scroll of teleportation
 j - 7 scrolls of enchant armour
 k - 5 scrolls of remove curse
 r - 3 scrolls of magic mapping
 y - a scroll of recharging
 z - 2 scrolls of summoning
 O - 2 scrolls of vulnerability {unknown}
 V - a scroll of fear
 Y - a scroll of brand weapon {unknown}
Potions
 a - 8 potions of lignification
 m - 3 potions of agility
 n - 2 potions of cancellation
 o - 3 potions of heal wounds
 x - 6 potions of curing
 B - 2 potions of might
 D - 3 potions of flight
 G - 4 potions of brilliance
 I - 3 potions of ambrosia
 J - a potion of cure mutation
 N - 5 potions of invisibility
 Q - a potion of resistance
 T - a potion of haste
 W - a potion of berserk rage
Books
 P - a manual of Slings
Miscellaneous
 U - a phial of floods
Comestibles
 g - 11 bread rations
 l - 31 fruits
 t - 4 meat rations
 u - a beef jerky


   Skills:
 + Level 10.1 Fighting
 - Level 12.8 Short Blades
 + Level 11.0(11.7) Slings
 - Level 5.2(7.5) Throwing
 - Level 10.6 Armour
 - Level 10.9 Dodging
 + Level 12.9 Stealth
 - Level 8.2 Shields
 * Level 3.6 Spellcasting
 * Level 5.6 Charms
 + Level 13.4 Invocations
 + Level 10.0 Evocations


You had 6 spell levels left.
You knew the following spells:

 Your Spells              Type           Power        Failure   Level  Hunger
a - Spectral Weapon       Hex/Chrm       #.......     45%         3    ###....
b - Silence               Hex/Air        #.........   100%        5    ######.
d - Regeneration          Chrm/Necr      #.........   45%         3    ###....
f - Haste                 Chrm           ##......     100%        6    #######


Dungeon Overview and Level Annotations

Branches:
Dungeon (15/15)            Temple (1/1) D:4            Lair (8/8) D:10
 Shoals (0/4) Lair:5       Spider (0/4) Lair:3        Slime (0/6) Lair:7
    Orc (2/2) D:9             Elf (1/3) Orc:2        Vaults (0/5) D:13
 Depths (0/5) D:15

Altars:
Ashenzari
Cheibriados
Dithmenos
Fedhas
Gozag
Hepliaklqana
Kikubaaqudgha
Makhleb
Nemelex Xobeh
Okawaru
Pakellas
Qazlal
Ru
Sif Muna
Ukayaw
Vehumet
Xom
Yredelemnul
Zin
The Shining One

Shops:
D:5 [}   D:8 *   D:9 *   D:11 !   D:15 (   Orc:2 !(%[   Elf:1 :

Portals:
Hell: Lair:8

Annotations:
D:10 exclusion: orange crystal statue
D:11 exclusion: ice statue
Lair:4 exclusion: oklob plant


Innate Abilities, Weirdness & Mutations

You are small and have problems with some larger weapons.
You are somewhat resistant to further mutation.


Message History

The deep elf knight misses you.
You miss the deep elf knight. You closely miss the deep elf knight.
You block the deep elf knight's attack.
You puncture the deep elf knight!
There is a sudden explosion of sparks!
The deep elf knight is heavily wounded.
You block the deep elf knight's attack.
You hit the deep elf knight.
There is a sudden explosion of sparks!
The deep elf knight is almost dead.
The deep elf knight gestures at you while chanting.
The stone arrow hits you!
* * * LOW HITPOINT WARNING * * *
You can now pass through a line of other dancers.
You take 40 damage, and have 31/115 hp.
MASSIVE DAMAGE!!
You are too injured to fight recklessly!
You are too injured to fight recklessly!
You fail to use your ability.
The deep elf knight misses you.
You fail to use your ability.
The deep elf knight casts a spell at you.
The stone arrow hits you!
You die...

#.....############>..########
##'...## ##'..........
##.#'### ##e##..#######
##.##.# ##.###.#.## ##.###.#
##.## #.##.## #.## #.#
#####.## #.###.## .## #.#
#...'## #.# ##.## ## #.#
##..e## #.# ##'## # #.#
#...@.# #.# ##.. ## #.#
##'...## #.# #... .# #.#
##.#..>'## #... ## #.#
##.###+##.## #... '##
#.###.## ##.## ##..
#.####'##.## ##.## ###
##'.....'## ##.##+####
##.....## ##'.....# #.......#
##.....##


You could see a deep elf knight and a deep elf mage.

Vanquished Creatures
  Frances (Elf:1)
  Gastronok (D:10)
  Kirke (Lair:7)
  An orc warlord (Orc:1)
  The ghost of nubinia the Severer, a journeyman HOFi of Hepliaklqana (Orc:1)
  2 dire elephants (Lair:8)
  Snorg (D:10)
  An ettin (Orc:2)
  2 fire dragons (D:15)
  A minotaur (Lab)
  Josephine (D:10)
  2 hydras
  An entropy weaver (shapeshifter) (D:13)
  A catoblepas (D:14)
  3 death knights
  5 death yaks
  The ghost of namelastname112 the Covert, a journeyman HaAs of Ukayaw (D:11)
  Erica (D:10)
  3 centaur warriors
  A queen ant (Lair:4)
  3 tengu warriors
  2 orc high priests (Orc:2)
  2 dancing weapons (Elf:1)
  A deep elf knight (Elf:1)
  5 skeletal warriors (D:15)
  The ghost of mistymad the Covered, a novice HuFi of Qazlal (D:8)
  An iron troll (D:14)
  2 unseen horrors
  A flayed ghost (D:13)
  10 hill giants
  2 wizards
  Pikel (D:8)
  4 lindwurms (Lair:7)
  A necromancer (D:13)
  7 orc sorcerers
  4 griffons
  6 deep elf magi
  An orb spider (Lair:3)
  3 orc knights
  9 cyclopes
  19 ugly things
  A manticore (D:15)
  A sixfirhy (Lair:8)
  4 elephants (Lair:7)
  A guardian serpent (shapeshifter) (D:15)
  Maurice (D:8)
  6 black mambas
  A water nymph (D:14)
  Psyche (D:10)
  2 centaur skeletons
  A gargoyle (D:13)
  A smoke demon (Lair:8)
  14 spiny frogs
  2 torpor snails
  A redback zombie (D:13)
  2 orange demons (Lair:8)
  6 ice devils (Lair:8)
  3 rime drakes
  9 komodo dragons
  A tengu conjurer (D:12)
  2 kobold demonologists (D:15)
  2 hellwings (Lair:8)
  11 trolls
  2 polar bears
  A troll (shapeshifter) (D:15)
  4 two-headed ogres
  10 blink frogs
  6 slime creatures (D:13)
  A redback (Lab)
  3 shadows
  Sigmund (D:6)
  6 water elementals
  A centaur simulacrum (D:13)
  Eustachio (D:6)
  A fire elemental (Elf:1)
  2 steam dragons
  9 wraiths
  A fire bat (D:13)
  A human (Lair:7)
  6 basilisks
  30 yaks
  A hog (Lair:6)
  11 hippogriffs
  8 vampire mosquitoes
  7 hungry ghosts
  A chaos spawn (Lair:8)
  3 wargs (Orc:1)
  A mottled dragon (D:11)
  20 soldier ants (Lair:4)
  A soldier ant (shapeshifter) (D:15)
  Duvessa (D:6)
  22 water moccasins
  A hell hound (Lair:8)
  31 orc warriors
  8 porcupines
  2 wasps
  3 black bears
  9 ice beasts
  3 sky beasts
  3 slaves (D:8)
  14 centaurs
  12 ogres
  10 wolves
  15 crocodiles
  2 phantoms (D:9)
  2 big kobolds
  26 giant frogs
  A wyvern zombie (D:10)
  Dowan (D:6)
  5 scorpions
  11 killer bees
  17 wights
  5 howler monkeys
  4 electric eels
  4 lava snakes (Lab)
  3 centaur zombies
  6 crimson imps
  A quasit (D:5)
  2 giant frog zombies
  25 orc priests
  4 giant frog skeletons
  8 hounds
  17 jellies
  14 iguanas
  Ijyb (D:2)
  42 orc wizards
  30 worker ants
  29 sheep
  2 worker ant zombies
  A howler monkey zombie (D:10)
  11 adders
  2 howler monkey skeletons
  57 river rats
  A shadow imp (D:5)
  2 oozes
  3 adder skeletons
  An adder zombie (D:6)
  6 worms
  2 dart slugs
  9 giant geckos
  112 orcs
  15 bats
  6 giant cockroaches
  5 goblins
  8 hobgoblins
  7 jackals
  15 kobolds
  6 quokkas
  A giant gecko skeleton (D:8)
  4 giant newts (D:4)
  2 jackal skeletons
  2 quokka skeletons
  A quokka zombie (D:7)
  5 rats
  A spectral orc (D:2)
  A plant (Lair:8)
1010 creatures vanquished.

Vanquished Creatures (others)
  A shadow (D:12)
  2 humans (Lair:7)
  A slave (D:8)
  An orc wizard (Orc:2)
  An orc priest (Orc:2)
  7 fungi (Lair:8)
  24 plants
37 creatures vanquished.

Grand Total: 1047 creatures vanquished

Notes
Turn   | Place    | Note
--------------------------------------------------------------
     0 | D:1      | namelastname112 the Halfling Assassin began the quest for the Orb.
     0 | D:1      | Reached XP level 1. HP: 14/14 MP: 1/1
    92 | D:1      | Reached XP level 2. HP: 17/19 MP: 2/2
   735 | D:2      | Reached XP level 3. HP: 24/24 MP: 3/3
   774 | D:2      | Noticed an angel
   775 | D:2      | Found a glowing silver altar of Zin.
   775 | D:2      | Found a shimmering altar of Xom.
   882 | D:2      | Found an ancient bone altar of Kikubaaqudgha.
   966 | D:2      | Found a basalt altar of Yredelemnul.
  1226 | D:2      | Reached XP level 4. HP: 8/30 MP: 4/4
  1675 | D:2      | Noticed Ijyb
  1692 | D:2      | Killed Ijyb
  1692 | D:2      | Reached skill level 1 in Armour
  1916 | D:2      | Reached XP level 5. HP: 33/35 MP: 5/5
  2710 | D:4      | Found a staircase to the Ecumenical Temple.
  2727 | D:4      | Reached XP level 6. HP: 14/42 MP: 6/6
  2758 | Temple   | Entered the Ecumenical Temple
  2999 | Temple   | Became a worshipper of Ukayaw the Reveler
  3061 | D:4      | Reached * piety under Ukayaw
  3079 | D:4      | Noticed an ogre
  3107 | D:4      | Killed an ogre
  3107 | D:4      | Reached skill level 5 in Stealth
  3336 | D:4      | Found a shattered altar of Ashenzari.
  3565 | D:4      | Found a hazy altar of Hepliaklqana.
  3565 | D:4      | Found an iron altar of Okawaru.
  3568 | D:4      | Reached skill level 1 in Invocations
  3569 | D:4      | Reached ** piety under Ukayaw
  3758 | D:4      | Found a radiant altar of Vehumet.
  3759 | D:4      | Found a burning altar of Makhleb.
  3821 | D:4      | Reached *** piety under Ukayaw
  3948 | D:4      | Reached XP level 7. HP: 40/46 MP: 7/7
  4097 | D:5      | Entered Level 5 of the Dungeon
  4197 | D:5      | Noticed Grinder
  4199 | D:5      | Noticed Grinder
  4199 | D:5      | Grinder changed into Grinder the quasit
  4230 | D:5      | Killed Grinder the quasit
  4376 | D:5      | Reached skill level 1 in Shields
  4376 | D:5      | Reached skill level 2 in Invocations
  4800 | D:5      | xeno23: баклер проебал
  4805 | D:5      | Found Semor's Armour Shop.
  4808 | D:5      | namelastname112: а вот и нет
  4897 | D:5      | Found a stormy altar of Qazlal.
  4904 | D:5      | Found a blossoming altar of Fedhas.
  4955 | D:5      | Found an oddly glowing altar of Pakellas.
  4955 | D:5      | Found Pakellas's Prime Provisions.
  5553 | D:6      | Reached XP level 8. HP: 52/52 MP: 9/9
  5576 | D:6      | Got a clouded lead ring
  5596 | D:6      | Identified the ring "Gegoimex" {+Inv rC+ MR+ SInv} (You found it on level 6 of the Dungeon)
  5598 | D:6      | namelastname112: ух ебать
  5598 | D:6      | namelastname112: блять
  5598 | D:6      | xeno23: охуеть
  5598 | D:6      | xeno23: лол
  5598 | D:6      | namelastname112: и так качаю миллион скиллов
  5604 | D:6      | xeno23: тровинг не нужен щас
  5608 | D:5      | namelastname112: ну до 5 апну
  5907 | D:6      | xeno23: эвокать инвиз можно и на 70% без проблем
  5915 | D:6      | Reached skill level 5 in Short Blades
  6077 | D:6      | Noticed Sigmund
  6079 | D:6      | Killed Sigmund
  6079 | D:6      | Reached skill level 1 in Evocations
  6091 | D:6      | Noticed Eustachio
  6092 | D:6      | xeno23: просто заранее прожимать когда какую-нибудь гидру встретил
  6109 | D:6      | Killed Eustachio
  6109 | D:6      | Reached skill level 3 in Invocations
  6266 | D:6      | Noticed Duvessa
  6268 | D:6      | Noticed Dowan
  6276 | D:6      | Killed Duvessa
  6276 | D:6      | Reached XP level 9. HP: 48/58 MP: 11/11
  6288 | D:6      | Killed Dowan
  6774 | D:6      | Noticed Crazy Yiuf
  6788 | D:6      | namelastname112: пидор
  6794 | D:6      | Noticed Crazy Yiuf
  6794 | D:6      | Crazy Yiuf changed into Crazy Yiuf the iguana
  6801 | D:6      | Killed Crazy Yiuf the iguana
  6970 | D:6      | Found an opulent altar of Gozag.
  6971 | D:6      | Found a sparkling altar of Nemelex Xobeh.
  6982 | D:6      | Reached skill level 5 in Throwing
  7744 | D:7      | Found a shadowy altar of Dithmenos.
  8054 | D:7      | Reached skill level 4 in Invocations
  8725 | D:8      | Noticed mistymad's ghost (novice HuFi)
  8753 | D:8      | Killed mistymad's ghost
  8753 | D:8      | Reached skill level 5 in Dodging
  8753 | D:8      | Reached XP level 10. HP: 23/65 MP: 9/13
  8992 | D:8      | Noticed Pikel
  9024 | D:8      | Killed Pikel
  9024 | D:8      | Reached skill level 5 in Fighting
  9133 | D:8      | Noticed Maurice
  9146 | D:8      | Killed Maurice
  9146 | D:8      | Reached skill level 5 in Invocations
  9641 | D:8      | Reached skill level 5 in Shields
  9655 | D:8      | Reached skill level 5 in Armour
  9785 | D:8      | Found Voshrov's Changing Room.
 10207 | D:8      | Found a snail-covered altar of Cheibriados.
 10262 | D:9      | Found a staircase to the Orcish Mines.
 10308 | D:9      | Reached **** piety under Ukayaw
 10593 | D:8      | namelastname112: смоти
 10593 | D:8      | namelastname112: смотри?
 10593 | D:8      | namelastname112: блят
 10593 | D:8      | xeno23: че
 10593 | D:8      | namelastname112: какой красивый магаз
 10593 | D:8      | xeno23: мммм
 10593 | D:8      | xeno23: и че там
 10593 | D:8      | namelastname112: мутагенная хуйня
 10593 | D:8      | xeno23: лол
 10788 | D:9      | Reached XP level 11. HP: 44/72 MP: 15/15
 11640 | D:9      | Found Tixiah Zofyu's Assorted Antiques.
 12015 | D:10     | Entered Level 10 of the Dungeon
 12015 | D:10     | Noticed Snorg
 12040 | D:10     | Noticed Josephine
 12148 | D:10     | Found a blossoming altar of Fedhas.
 12229 | D:10     | Noticed an orange crystal statue
 12280 | D:10     | Reached skill level 6 in Invocations
 12708 | D:5      | Bought the +9 ring mail "Tank" {Str+4 Dex-2} for 602 gold pieces
 12904 | D:10     | Noticed Psyche
 12911 | D:10     | Paralysed by Psyche for 6 turns
 12921 | D:10     | Killed Psyche
 12921 | D:10     | Reached skill level 5 in Evocations
 13028 | D:10     | Killed Snorg
 13190 | D:10     | Noticed Erica
 13193 | D:10     | Found a staircase to the Lair.
 13194 | D:10     | Noticed Gastronok
 13210 | D:10     | Killed Erica
 13216 | D:10     | Reached ***** piety under Ukayaw
 13524 | D:10     | Found a basalt altar of Yredelemnul.
 13550 | D:10     | Killed Gastronok
 13550 | D:10     | Reached XP level 12. HP: 51/80 MP: 15/17
 13852 | D:10     | Killed Josephine
 14156 | D:11     | Noticed namelastname112's ghost (journeyman HaAs)
 14158 | D:11     | Reached skill level 7 in Invocations
 14170 | D:11     | Killed namelastname112's ghost
 14177 | D:11     | Found a hide-covered altar to Ukayaw.
 14717 | D:11     | Noticed a centaur warrior
 14731 | D:11     | Killed a centaur warrior
 14897 | D:11     | Noticed an unseen horror
 14949 | D:11     | Killed an unseen horror
 15046 | D:11     | Found Zumazxou's Distillery.
 15129 | D:11     | Reached skill level 8 in Invocations
 15460 | D:12     | Reached XP level 13. HP: 86/86 MP: 19/19
 15522 | D:12     | Reached skill level 10 in Short Blades
 15833 | D:12     | namelastname112: блять
 16989 | D:12     | Reached skill level 9 in Invocations
 17058 | D:13     | Reached skill level 10 in Stealth
 17102 | D:13     | Got a pitted leather armour
 17134 | D:13     | Identified the +3 leather armour of Gravity {Str+5} (You found it on level 13 of the Dungeon)
 17281 | D:13     | Reached ****** piety under Ukayaw
 17369 | D:13     | Noticed a centaur warrior
 17384 | D:13     | Killed a centaur warrior
 17737 | D:13     | Noticed an entropy weaver
 17737 | D:13     | an alligator changed into an entropy weaver
 17743 | D:13     | Killed an entropy weaver
 18042 | D:13     | Reached XP level 14. HP: 33/94 MP: 19/21
 18230 | D:13     | Found a deep blue altar of Sif Muna.
 18245 | D:13     | Reached skill level 10 in Invocations
 18268 | D:13     | Found a runed door.
 19351 | D:13     | Found a gate to the Vaults.
 19621 | D:13     | Found a shattered altar of Ashenzari.
 19631 | D:13     | Found a shattered altar of Ashenzari.
 19631 | D:13     | Found a blossoming altar of Fedhas.
 19675 | D:13     | Found a sacrificial altar of Ru.
 19714 | D:13     | Found a burning altar of Makhleb.
 20330 | D:14     | Noticed Rupert
 20341 | D:14     | Noticed Rupert
 20341 | D:14     | Rupert changed into Rupert the iron troll
 20369 | D:14     | Killed Rupert the iron troll
 20745 | D:14     | Found a snail-covered altar of Cheibriados.
 21478 | D:15     | Entered Level 15 of the Dungeon
 21507 | D:15     | Reached skill level 11 in Invocations
 21758 | D:15     | Found Xakkinla's Weapon Boutique.
 22282 | D:15     | Reached skill level 1 in Slings
 22284 | D:15     | Reached XP level 15. HP: 93/100 MP: 23/23
 22778 | D:15     | Reached skill level 10 in Dodging
 23714 | D:15     | Found a staircase to the Depths.
 23715 | D:15     | Reached skill level 5 in Slings
 24247 | Orc:1    | Entered Level 1 of the Orcish Mines
 24250 | Orc:1    | Noticed an orc warlord
 24261 | Orc:1    | Noticed nubinia's ghost (journeyman HOFi)
 24277 | Orc:1    | Killed an orc warlord
 24277 | Orc:1    | Reached skill level 12 in Invocations
 24291 | Orc:1    | Killed nubinia's ghost
 24555 | Orc:2    | Entered Level 2 of the Orcish Mines
 24576 | Orc:2    | Found a staircase to the Elven Halls.
 24601 | Orc:2    | Found a labyrinth entrance.
 24610 | Lab      | Entered a labyrinth
 24800 | Lab      | Got a distressingly furry buckler
 24824 | Lab      | Identified the +3 buckler of Itaiteta {rElec} (You found it in a labyrinth)
 24888 | Lab      | Identified the Volume of the Rocks
 24892 | Lab      | Identified the Incunabulum of Augmentations
 24898 | Lab      | Learned a level 3 spell: Regeneration
 24902 | Lab      | Learned a level 3 spell: Spectral Weapon
 24911 | Lab      | Got a transparent dagger
 24912 | Lab      | Identified the +4 dagger "Lifebane" {pierce, Stlth+} (You found it in a labyrinth)
 25040 | Orc:2    | Reached skill level 10 in Armour
 27033 | Orc:2    | Reached XP level 16. HP: 83/108 MP: 25/25
 27050 | Orc:2    | Found an iron altar of Okawaru.
 27185 | Orc:2    | Found Leihut's Weapon Emporium.
 27185 | Orc:2    | Found Wischaj's Distillery.
 27186 | Orc:2    | Found Rikamej's Food Shoppe.
 27189 | Orc:2    | Found Faref's Antique Armour Shoppe.
 27192 | Orc:2    | Bought a +0 rapier of electrocution for 144 gold pieces
 27195 | Orc:2    | Bought a pair of glowing gloves for 139 gold pieces
 27208 | Orc:2    | Bought a potion of heal wounds for 60 gold pieces
 27208 | Orc:2    | Bought a potion of curing for 36 gold pieces
 27208 | Orc:2    | Bought a potion of agility for 48 gold pieces
 27208 | Orc:2    | Bought a potion of might for 48 gold pieces
 27561 | Lair:1   | Entered Level 1 of the Lair of Beasts
 29316 | Lair:3   | Found a hole to the Spider Nest.
 31389 | Lair:5   | Reached skill level 1 in Charms
 31597 | Lair:5   | Reached skill level 13 in Invocations
 31623 | Lair:5   | Found a staircase to the Shoals.
 32218 | Lair:6   | Reached skill level 1 in Spellcasting
 32495 | Lair:6   | Learned a level 6 spell: Haste
 32502 | Lair:6   | Learned a level 5 spell: Silence
 32800 | Lair:7   | Noticed Kirke
 33410 | Lair:7   | Found a staircase to the Slime Pits.
 33493 | Lair:7   | Killed Kirke
 33986 | Lair:7   | Got an ancient helmet
 34004 | Lair:7   | Identified the cursed +0 helmet of Hopscotch {rCorr Int+2 Dex-3} (You found it on level 7 of the Lair of Beasts)
 34109 | Lair:8   | Entered Level 8 of the Lair of Beasts
 34205 | Lair:8   | Reached XP level 17. HP: 100/114 MP: 26/26
 34308 | Lair:8   | Reached skill level 10 in Fighting
 34602 | Lair:8   | Found a burning altar of Makhleb.
 34607 | Lair:8   | Found a gateway to Hell.
 34608 | Lair:8   | Reached skill level 10 in Slings
 34742 | Lair:8   | Identified a +3 rod of ignition (10/10) (You found it on level 8 of the Lair of Beasts)
 35426 | Lair:8   | Reached skill level 5 in Charms
 35640 | Lair:8   | Reached skill level 10 in Evocations
 36063 | Elf:1    | Entered Level 1 of the Elven Halls
 36241 | Elf:1    | Noticed Frances
 36267 | Elf:1    | Killed Frances
 36621 | Elf:1    | Found Qoafan's Book Boutique.
 36707 | Elf:1    | Killed from afar by a deep elf knight

Vault maps used:
D:1:      dpeg_arrival_court
D:2:      grunt_temple_overflow_order_and_chaos_1, old_standard_altar,
          yredelemnul_forgotten_temple_becter, uniq_iyjb
D:3:      kennysheep_doodads
D:4:      grunt_temple_overflow_lords_of_destruction,
          gammafunk_temple_overflow_pools, minmay_temple_entry_mist,
          first_bread, ashenzari_altar_1
D:5:      grunt_temple_overflow_forces_of_nature, serial_shops,
          kennysheep_mini_moat, johnstein_pakellas_shop, uniq_grinder
D:6:      grunt_temple_overflow_opulence, bh_walls_and_bars, uniq_sigmund,
          uniq_duvessa, uniq_crazy_yiuf_cottage, uniq_eustachio
D:7:      nicolae_dithmenos_through_a_glass_darkly
D:8:      cheibriados_altar_1, nicolae_transmutations_shop, uniq_maurice,
          uniq_pikel
D:9:      hiddenorc2_lemuel, serial_shops, shop
D:10:     david_lair_shrubbed, hangedman_tree_tricks, wad_floor_pattern_2,
          minivault_16, yredelemnul_altar_generic, uniq_snorg, uniq_josephine,
          uniq_erica, uniq_gastronok, uniq_psyche
D:11:     lemuel_ice_statue, serial_shops, shop, basic_altar
D:12:     minmay_tri_box
D:13:     due_megacathedral, david_vaults_1
D:14:     basic_altar, hangedman_decor_push, nicolae_underground_beach,
          uniq_rupert
D:15:     grunt_enter_depths_hoard, serial_shops, shop
Temple:   cyrus_temple_forest_13
Lair:2:   wad_woods_road_01
Lair:3:   nicolae_spider_entry_orb_guardian, grunt_megastairs_4,
          infiniplex_staircase_pool
Lair:4:   st_stairs_9, minivault_29
Lair:5:   minmay_shoals_entry_centaurs, infiniplex_staircase_pool_2,
          grunt_megastairs_1, serial_bayou_shore_b, lemuel_fruit_fields
Lair:7:   minmay_slime_entry_jelly_boxes, minmay_lindwurm_lava,
          serial_bayou_shore_a, uniq_kirke
Lair:8:   evil_forest, pond
Orc:2:    st_orc_mages, lab_entry_generic, okawaru_metal_pillars_1_2
Elf:1:    serial_shops, shop, kennysheep_underground_church, uniq_frances
Lab:      nicolae_lab_dead_adventurers, nicolae_lab_hexagon, nicolae_lab_x,
          lab_block, nicolae_lab_garden, labyrinth_lava_lair,
          nicolae_lab_diamond, labyrinth_skeletal_remains, labyrinth_fake_exit,
          nicolae_lab_statue, lab_statue

Skill      XL: |  1  2  3  4  5  6  7  8  9 10 11 12 13 14 15 16 17 |
---------------+----------------------------------------------------+-----
Fighting       | 2 3 4 5 6 7 8 9 10 | 10.1
Short Blades   | 3 4 5 6 7 9 10 11 12 | 12.8
Throwing       | 3 4 5 |  5.2
Armour         | 1 2 3 4 5 6 7 8 9 10 | 10.6
Dodging        | 2 3 4 5 6 7 8 9 10 | 10.9
Stealth        | 5 6 7 8 9 10 11 12 | 12.9
Invocations    | 1 2 3 4 5 6 8 9 11 12 13 | 13.4
Shields        | 1 2 4 5 6 7 8 |  8.2
Evocations     | 1 3 4 5 6 7 8 9 10 | 10.0
Slings         | 2 7 9 11 | 11.0
Charms         | 4 5 |  5.6
Spellcasting   | 2 3 |  3.6

Action                   |  1- 3 |  4- 6 |  7- 9 | 10-12 | 13-15 | 16-18 || total
-------------------------+-------+-------+-------+-------+-------+-------++-------
Melee: Dagger            |   100 |   216 |   169 |   603 |  2196 |     8 ||  3292
       Rapier            |       |       |   216 |   495 |       |  1389 ||  2100
       Demon blade       |       |       |       |    43 |       |       ||    43
       Unarmed           |       |       |       |       |       |     6 ||     6
 Fire: Blowgun           |       |    12 |     2 |       |       |       ||    14
Invok: Line Pass         |       |       |     2 |     1 |     2 |     1 ||     6
       Stomp             |       |       |     1 |     1 |     2 |       ||     4
       Grand Finale      |       |       |       |       |     2 |       ||     2
 Abil: Evoke Invisibilit |       |       |     4 |     4 |    16 |     5 ||    29
Evoke: Wand              |       |       |     2 |       |     3 |       ||     5
       Deck              |       |       |       |       |     4 |       ||     4
  Use: Potion            |     1 |     1 |     1 |       |     6 |     2 ||    11
       Scroll            |       |       |    15 |     1 |     2 |    11 ||    29
 Stab: Sleeping          |     4 |    15 |    12 |    10 |    25 |    83 ||   149
       Distracted        |       |     1 |       |     6 |     9 |     6 ||    22
       Paralysed         |       |     1 |     1 |    29 |    79 |    66 ||   176
       Confused          |       |       |     3 |       |     2 |       ||     5
       Invisible         |       |       |    10 |    14 |    61 |    10 ||    95
  Eat: Chunk             |     1 |     8 |    18 |    17 |    15 |    22 ||    81
       Royal jelly       |       |       |       |     2 |       |     1 ||     3
       Meat ration       |       |       |       |     2 |     6 |     1 ||     9
       Beef jerky        |       |       |       |     1 |       |     1 ||     2
       Pizza             |       |       |       |       |     1 |     1 ||     2
       Fruit             |       |       |       |       |     2 |       ||     2
       Bread ration      |       |       |       |       |       |     1 ||     1
Armor: Robe              |     8 |       |       |       |       |       ||     8
       Leather armour    |     8 |    21 |    81 |    72 |       |       ||   182
       Ring mail         |       |       |       |   102 |   333 |   130 ||   565
Dodge: Dodged            |    57 |   135 |   289 |   540 |  1032 |   562 ||  2615
Block: Buckler           |       |       |    35 |   288 |   591 |   435 ||  1349
